Map: Catalyseur EC

Players

HoldTheDoor - Winner!

  • Race: Protoss Protoss
  • League: Diamond
  • Spawn Location: 5:00

KiWi

  • Race: Protoss Protoss
  • League: Platinum
  • Spawn Location: 11:00

VOD

Have the link to the VOD?

Description

Time

  • Played on: July 5, 2018, 12:13 p.m.
  • Length: 9:01
Show
View Real Time Build Order
Export as new Build Order

HoldTheDoor Protoss - Winner!

Build Orders:  

Get SALT Encoding   

  12  0:00  Probe  
  13  0:12  Probe  
  14  0:17  Pylon  
  14  0:24  Probe  
  15  0:37  Probe  
  15  0:40  Gateway  
  16  0:46  Assimilator  
  16  0:49  Probe  
  17  0:54  Assimilator  
  17  1:01  Probe  
  18  1:12  Gateway  
  18  1:18  Probe  
  19  1:28  Cybernetics Core  
  19  1:35  Probe  
  19  1:36  Pylon  
  20  1:47  Probe  
  21  2:06  Pylon  
  21  2:08  Stalker x2  
  21  2:13  Pylon  
  24  2:35  Pylon  
  24  2:43  Pylon  
  22  2:55  Stalker x2  
  26  3:22  Stalker  
  28  3:39  Warp Gate  
  28  4:05  Zealot x2  
  28  4:07  Probe  
  33  4:19  Probe  
  34  4:31  Probe  
  35  4:35  Stalker x2  
  39  4:43  Probe  
  40  4:55  Probe  
  41  5:07  Gateway  
  41  5:09  Stargate, Probe  
  42  5:20  Nexus  
  42  5:21  Probe  
  43  5:33  Probe  
  43  5:34  Gateway  
  44  5:35  Pylon  
  44  5:46  Probe  
  44  5:48  Pylon  
  44  5:49  Phoenix  
  45  5:54  Stalker x2  
  49  5:58  Probe  
  52  6:06  Pylon  
  52  6:09  Stalker  
  52  6:10  Probe  
  55  6:16  Gateway  
  55  6:22  Probe  
  55  6:24  Phoenix  
  58  6:34  Probe  
  58  6:38  Twilight Council  
  58  6:39  Probe  
  60  6:46  Probe  
  60  6:52  Probe  
  58  6:58  Probe  
  58  6:59  Stalker  
  61  7:03  Phoenix  
  61  7:04  Probe  
  61  7:06  Charge  
  64  7:10  Shield Battery  
  64  7:12  Probe  
  57  7:47  Stalker x2  
  57  7:48  Stalker  
  63  7:52  Probe x2  
  63  7:56  Assimilator  
  63  7:58  Assimilator  
  65  8:00  Pylon  
  65  8:04  Probe  
  66  8:11  Void Ray  
  66  8:25  Zealot x4  
  66  8:26  Zealot  
  80  8:34  Forge  
  74  8:50  Stalker x3  
  74  8:51  Stalker  
Show
View Real Time Build Order
Export as new Build Order

KiWi Protoss 

Build Orders:  

Get SALT Encoding   

  12  0:01  Probe  
  13  0:13  Probe  
  14  0:24  Pylon  
  14  0:25  Probe  
  15  0:32  Assimilator  
  15  0:42  Probe  
  16  0:51  Forge  
  16  0:52  Probe  
  17  1:00  Probe  
  18  1:09  Gateway  
  18  1:14  Probe  
  19  1:24  Pylon  
  19  1:28  Probe  
  20  1:47  Photon Cannon  
  20  1:51  Probe  
  21  2:00  Photon Cannon  
  21  2:03  Probe  
  22  2:26  Pylon  
  22  2:33  Probe  
  23  2:45  Pylon  
  23  2:46  Assimilator, Probe  
  24  2:52  Photon Cannon  
  24  2:54  Pylon  
  24  2:57  Pylon  
  24  2:58  Probe  
  24  3:06  Pylon  
  24  3:10  Probe  
  24  3:12  Photon Cannon  
  25  3:22  Probe  
  26  3:27  Photon Cannon  
  25  3:34  Probe  
  25  3:39  Cybernetics Core  
  26  3:44  Gateway  
  26  3:46  Probe, Gateway x2  
  27  3:54  Zealot  
  29  3:58  Probe  
  30  4:12  Pylon  
  30  4:15  Photon Cannon  
  30  4:19  Photon Cannon  
  30  4:23  Photon Cannon  
  30  4:27  Shield Battery  
  30  4:31  Warp Gate  
  30  4:41  Stalker  
  32  4:47  Stargate  
  32  4:56  Stalker  
  34  5:06  Robotics Facility  
  34  5:21  Oracle  
  34  5:25  Twilight Council  
  34  5:33  Pylon  
  37  5:37  Pylon  
  37  5:40  Stalker  
  39  5:44  Stalker  
  41  6:00  Pylon  
  41  6:11  Observer  
  42  6:15  Charge  
  42  6:21  Probe  
  43  6:32  Observer  
  44  6:33  Probe  
  42  6:55  Stalker x4  
  50  7:07  Immortal  
  54  7:24  Nexus  
  54  7:27  Pylon  
  54  7:29  Pylon  
  52  7:33  Stalker  
  40  7:50  Stalker x3  
  46  8:19  Photon Cannon  
  46  8:24  Stalker  
  46  8:25  Stalker x3  
  48  8:52  Stalker  
Tags
 
Add a new tag
Caveats
  • Supply blocks, unpowered buildings, or Contaminate may cause inaccurate times.
  • Supply counts are checked every 10 seconds.